 Dungeon Crawl Stone Soup version 0.29-a0-323-g050149af67 (webtiles) character file.

Game seed: 11655146019352591726

27 kae the Gusty (level 3, -1/34 HPs)
             Began as an Ogre Air Elementalist on Apr 11, 2022.
             Slain by Robin
             ... wielding a +0 spear
              (2 damage)
             ... on level 2 of the Dungeon.
             The game lasted 00:01:22 (2176 turns).

kae the Gusty (Ogre Air Elementalist)               Turns: 2176, Time: 00:01:23

Health: -1/34      AC:  3    Str: 12    XL:     3   Next: 10%
Magic:  1/7        EV:  9    Int: 18    God:
Gold:   34         SH:  0    Dex:  9    Spells: 6/7 levels left

rFire   . . .      SeeInvis .   c - +0 dagger (drain)
rCold   + . .      Faith    .   (no shield)
rNeg    . . .      Spirit   .   a - +0 robe
rPois   +          Reflect  .   (helmet restricted)
rElec   .          Harm     .   (no cloak)
rCorr   .          Rampage  .   (gloves unavailable)
Will    .....                   (boots unavailable)
Stlth   +.........              (no amulet)
HPRegen 0.11/turn               (no ring)
MPRegen 0.10/turn               (no ring)

@: mighty, brilliant
A: large, unfitting armour, tough skin 1, cold resistance 1, poison resistance,
robust 1
a: no special abilities


You were on level 2 of the Dungeon.
You visited 1 branch of the dungeon, and saw 2 of its levels.

You collected 34 gold pieces.

Inventory:

Hand Weapons
 c - a +0 dagger of draining (weapon)
 d - a +0 dagger
Armour
 a - a +0 robe (worn)
Potions
 b - a potion of magic
 g - 2 potions of might


   Skills:
 - Level 1.7 Dodging
 - Level 1.4 Stealth
 + Level 2.8 Spellcasting
 + Level 1.4 Conjurations
 * Level 3.3 Air Magic


You had 6 spell levels left.
You knew the following spells:

 Your Spells              Type           Power      Damage    Failure   Level
a - Shock                 Conj/Air       64%        1d7       6%          1

Your spell library contained the following spells:

 Spells                   Type           Power      Damage    Failure   Level
 Static Discharge         Conj/Air       16%        N/A       10%         2
 Swiftness                Air            21%        N/A       13%         3
 Ensorcelled Hibernation  Hex/Ice        6%         N/A       26%         2
 Passwall                 Tmut/Erth      2%         N/A       26%         2
 Airstrike                Air            10%        N/A       38%         4


Dungeon Overview and Level Annotations

Branches:
Dungeon (2/15)

Altars:

Annotations:
D:2 Robin


Innate Abilities, Weirdness & Mutations

You are too large for most types of armour.
You have tough skin. (AC +1)
Your flesh is cold resistant. (rC+)
Your system is resistant to poisons. (rPois)
You are robust. (+10% HP)


Message History

The puff of flame hits you!
Casting: Shock (safe; 6% risk of failure)
Confirm with . or Enter, or press ? or * to list all spells.
Aiming: Shock (safe; 6% risk of failure)
Press: ? - help, Shift-Dir - straight line, f/p - Robin
Aim: Robin, wielding a +0 spear, wearing a +0 animal skin, wearing a +0 helmet and carrying a wand of flame (7) (severely wounded, 77% to hit)
The zap hits Robin.
Robin is almost dead.
The goblin hits you with a +0 club.
Robin roars a battlecry!
The goblins go into a battle-frenzy!
Casting: Shock (safe; 6% risk of failure)
Confirm with . or Enter, or press ? or * to list all spells.
You don't have enough magic to cast this spell.
Casting: Shock (safe; 6% risk of failure)
Confirm with . or Enter, or press ? or * to list all spells.
You don't have enough magic to cast this spell.
The goblin attacks as you move away! The goblin completely misses you.
The goblin attacks as you move away! The goblin hits you but does no damage.
Okay, then.
You aren't carrying any scrolls.
It was a potion of mutation.
You feel extremely strange.
You feel resistant to cold.
You feel robust.
You feel resistant to poisons. The goblin hits you with a +0 club.
It was a potion of brilliance.
You feel clever all of a sudden. The goblin hits you with a +0 club.
* * * LOW HITPOINT WARNING * * *
Robin throws the goblin at you! The goblin hits you with a +0 dagger.
* * * LOW HITPOINT WARNING * * *
It was a potion of might.
You feel very mighty all of a sudden. The goblin hits you with a +0 club.
* * * LOW HITPOINT WARNING * * *
The goblin hits you but does no damage.
You hit the goblin.
You kill the goblin!
The goblin hits you but does no damage.
Robin hits you from afar with a +0 spear.
You die...

...# #.# ########.# #.# ##.# #.#
#.# #.# ##.###.######## #.# #.#
...............##.###.#
##.###.#######.#......### #.#
#.#### #........# #.# #....#
#...####.# ##.###..#.###
#)####.#.#
...##...#...##.#@###....#
##.##.#####....#g##.....########
#.##...#...##.#gg........<....#
#.##.#.#.### ##g......######.#
#.##.#...# #.##...## #.##
##.##.##.## #⌠....## ####...
......##.#####.##.....# ##......
##...)....†.<..##.._.⌠# #.......
#######.#####.#......####..####.


You could see Robin, 2 hobgoblins and a goblin (strong).

Vanquished Creatures
  A dart slug (D:2)
  2 endoplasms (D:1)
  3 goblins (D:2)
  5 hobgoblins (D:2)
  A quokka (D:1)
  2 ball pythons
  3 bats
  3 frilled lizards (D:1)
  3 kobolds
  3 rats (D:1)
26 creatures vanquished.

Notes
Turn   | Place    | Note
-------+----------+-------------------------------------------
     0 | D:1      | kae the Ogre Air Elementalist began the quest for the Orb.
     0 | D:1      | Reached XP level 1. HP: 16/16 MP: 3/3
   128 | D:1      | Reached skill level 1 in Conjurations
   620 | D:1      | Reached XP level 2. HP: 23/24 MP: 1/5
   666 | D:1      | Reached skill level 3 in Air Magic
  1569 | D:2      | Identified the +1 leather armour "Pipneewa" {rC+ rN+
                  | Stlth+}
  1736 | D:2      | Found a faded altar of an unknown god.
  1994 | D:2      | Reached XP level 3. HP: 31/31 MP: 0/7
  2164 | D:2      | Noticed Robin
  2173 | D:2      | Gained mutation: Your flesh is cold resistant. (rC+)
                  | [potion of mutation]
  2173 | D:2      | Gained mutation: You are robust. (+10% HP) [potion of
                  | mutation]
  2173 | D:2      | Gained mutation: Your system is resistant to poisons.
                  | (rPois) [potion of mutation]
  2175 | D:2      | HP: 1/34 [goblin/+0 club[Robin] (5)]
  2176 | D:2      | Slain by Robin

Illustrated notes

Levels and vault maps discovered:
D:1:      minmay_arrival_cross, layout_basic, nicolae_figureground_pulse
D:2:      layout_loops_ring, hellmonk_ecumenical_altar_run_dry, basic_altar,
          uniq_crazy_yiuf_cottage, uniq_robin

Skill      XL: |  1  2 |
---------------+-------+-----
Conjurations   | 1 |  1.4
Air Magic      | 3 |  3.3
Dodging        | |  1.7
Stealth        | |  1.4
Spellcasting   | |  2.8

Action                   || total
-------------------------++-------
Melee: Unarmed           ||    16
       Punch             ||     1
       Dagger            ||     7
 Cast: Shock             ||    52
  Use: Scroll            ||     1
       Potion            ||     3
Armor: Robe              ||    17
Dodge: Dodged            ||    13

Table legend: (Time is in decaauts)
 A = Elapsed time spent in this place.
 B = Non-inter-level travel time spent in this place.
 C = Inter-level travel time spent in this place.
 D = Time resting spent in this place.
 E = Time spent auto-exploring this place.
 F = Levels seen in this place.
 G = Mean time per level.
                   A        B        C        D        E       F      G
               +--------+--------+--------+--------+--------+-----+--------+
         Total |   2174 |   2106 |     68 |    146 |   1780 |   2 | 1087.0 |
       Dungeon |   2174 |   2106 |     68 |    146 |   1780 |   2 | 1087.0 |
               +--------+--------+--------+--------+--------+-----+--------+

Top non-repeatable levels by time:
     D:1: 1501 daAuts
     D:2: 673 daAuts
